Map: Frozen Temple

Players

Lucien

  • Race: Terran Terran
  • League: Gold

blackxored - Winner!

  • Race: Zerg Zerg
  • League: Platinum

VOD

Have the link to the VOD?

Description

Time

  • Played on: June 25, 2016, 3:48 p.m.
  • Length: 11:26
Show
View Real Time Build Order
Export as new Build Order

Lucien Terran 

Build Orders: Reaper Expand, MMM Bio 

Get SALT Encoding   

  12  0:00  SCV  
  13  0:13  SCV  
  14  0:19  Supply Depot  
  14  0:25  SCV  
  15  0:41  SCV  
  16  0:43  Barracks  
  16  0:50  Refinery  
  16  0:53  SCV  
  17  1:05  SCV  
  18  1:20  Barracks  
  18  1:31  Orbital Command  
  18  1:33  Reaper  
  19  1:45  Refinery  
  19  2:03  Command Center  
  19  2:05  Reaper  
  20  2:11  Reaper  
  20  2:12  SCV  
  22  2:24  SCV  
  23  2:59  Factory  
  23  3:01  Supply Depot x2  
  23  3:14  Reaper x2, SCV  
  25  3:25  Orbital Command  
  25  3:26  SCV  
  26  3:34  Engineering Bay  
  26  3:38  SCV  
  27  4:04  Barracks Tech Lab  
  27  4:08  SCV  
  28  4:11  SCV  
  28  4:12  Barracks Reactor  
  28  4:13  Factory Tech Lab  
  28  4:16  Starport, Terran Infantry Weapons Level 1  
  29  4:22  Command Center  
  29  4:24  Engineering Bay  
  29  4:28  Armory  
  29  4:30  SCV x2  
  31  4:33  Widow Mine  
  33  4:47  Marauder  
  33  4:49  Marine x2  
  33  4:52  SCV  
  38  4:57  Terran Infantry Armor Level 1  
  38  5:01  Stimpack  
  38  5:03  SCV  
  39  5:07  Marine x3  
  39  5:13  SCV  
  43  5:15  SCV  
  43  5:16  Starport Reactor  
  43  5:20  Terran Vehicle Weapons Level 1  
  44  5:25  Marine, SCV  
  44  5:27  Refinery, SCV  
  47  5:29  Refinery  
  47  5:37  SCV  
  47  5:39  SCV  
  47  5:40  Orbital Command  
  49  5:49  SCV  
  46  5:51  SCV  
  44  6:01  SCV  
  44  6:03  SCV  
  45  6:06  Medivac x2  
  45  6:07  Marine x2  
  45  6:08  Marine  
  52  6:13  SCV  
  53  6:24  Barracks, SCV  
  53  6:25  Marine x2, SCV  
  54  6:26  Barracks  
  54  6:30  Orbital Command  
  57  6:36  Marine  
  57  6:37  Missile Turret  
  58  6:43  Marine x2  
  58  6:47  SCV x2  
  62  6:54  Marine  
  62  6:58  SCV  
  62  6:59  SCV x2  
  66  7:25  Marine  
  66  7:26  Marauder  
  69  7:31  Combat Shields  
  69  7:32  Marine  
  69  7:34  Marine, SCV x2  
  69  7:35  Supply Depot  
  69  7:36  Supply Depot  
  69  7:37  Supply Depot  
  69  7:39  Terran Infantry Weapons Level 2  
  69  7:42  Terran Infantry Armor Level 2  
  69  7:56  Marine x4, Medivac, SCV x2  
  69  7:58  Marine  
  78  7:59  Medivac  
  78  8:00  SCV  
  78  8:01  Supply Depot  
  78  8:02  Supply Depot  
  81  8:08  SCV x2  
  81  8:12  SCV  
  84  8:14  Marine x4  
  84  8:16  Marine  
  89  8:21  SCV x2  
  89  8:24  Supply Depot, Refinery, SCV  
  89  8:26  Refinery, Medivac  
  94  8:27  Siege Tank  
  94  8:32  Marine x2, Marauder  
  94  8:33  SCV x2  
  103  8:37  Marine x2, SCV  
  105  8:45  SCV  
  106  8:48  Supply Depot  
  106  8:50  Marine  
  106  8:54  Marauder  
  109  8:59  Marine  
  93  9:04  Marine  
  92  9:10  Missile Turret  
  92  9:11  Supply Depot, Missile Turret  
  92  9:12  SCV x2  
  92  9:13  Marine x2  
  92  9:15  Marauder, Siege Tank  
  92  9:17  Marine, Medivac x2  
  101  9:18  SCV  
  101  9:22  Marine  
  101  9:24  Supply Depot, SCV  
  109  9:27  SCV  
  109  9:30  Marine  
  109  9:31  Marine, SCV  
  112  9:34  Marine  
  112  9:36  Marauder, SCV  
  117  9:39  Marine  
  118  9:46  SCV x2  
  118  9:47  Siege Tank  
  118  9:48  Marine x2  
  118  9:49  Supply Depot  
  118  9:52  Marine  
  125  9:57  Marine  
  125  9:58  Marauder  
  129  10:02  SCV  
  129  10:06  Marine x2  
  132  10:10  Marine  
  132  10:14  Medivac x2  
  135  10:15  Marine, SCV x2  
  135  10:19  Marauder  
  142  10:24  Marine x2  
  142  10:28  Marine  
  144  10:33  Marine  
  145  10:41  Marauder  
  145  10:42  Marine x2  
  127  10:56  Marine  
  127  10:57  Marine  
  107  10:59  Marine  
  107  11:01  Marine  
  107  11:02  Marauder  
Show
View Real Time Build Order
Export as new Build Order

blackxored Zerg - Winner!

Build Orders: Hatch First, Muta Ling Bane 

Get SALT Encoding   

  12  0:01  Drone  
  13  0:08  Drone  
  14  0:17  Overlord  
  14  0:22  Extractor  
  14  0:23  Drone  
  15  0:37  Drone x2  
  17  0:52  Hatchery  
  17  0:55  Drone  
  17  0:59  Drone  
  18  1:10  Extractor  
  17  1:14  Spawning Pool  
  17  1:16  Drone  
  17  1:20  Drone  
  18  1:27  Drone  
  19  1:38  Overlord  
  19  1:49  Drone  
  20  2:01  Queen  
  20  2:03  Zergling x2  
  20  2:04  Queen  
  20  2:05  Zergling x2  
  26  2:12  Zergling x2  
  27  2:26  Hatchery  
  25  2:48  Queen  
  25  2:49  Pneumatized Carapace  
  25  2:51  Drone x3  
  30  2:55  Overlord  
  30  3:01  Drone x2  
  32  3:09  Zergling x2  
  32  3:10  Zergling x2  
  33  3:15  Zergling x4  
  33  3:16  Zergling x2  
  35  3:23  Queen  
  37  3:32  Queen  
  39  3:35  Zergling x4  
  40  3:58  Metabolic Boost  
  40  4:05  Drone x5  
  40  4:06  Drone x4  
  49  4:17  Overlord  
  49  4:26  Evolution Chamber  
  49  4:27  Drone  
  49  4:35  Queen  
  51  4:40  Roach Warren, Drone x3  
  51  4:41  Extractor  
  51  4:42  Drone x2  
  54  4:53  Drone  
  54  4:54  Drone x2  
  54  4:55  Drone  
  54  4:56  Overlord x2  
  58  5:18  Baneling Nest  
  58  5:19  Lair, Evolution Chamber  
  58  5:20  Extractor, Drone x5  
  60  5:23  Drone x3  
  59  6:06  Zergling x18  
  68  6:12  Extractor  
  68  6:17  Centrifical Hooks  
  67  6:18  Drone x2  
  67  6:19  Drone  
  67  6:23  Spire  
  69  6:27  Queen  
  69  6:29  Queen  
  73  6:39  Zergling x2  
  74  6:40  Overlord x2  
  74  6:41  Overlord x2  
  74  6:45  Baneling x5  
  74  6:46  Baneling x4  
  74  6:48  Overseer  
  73  7:02  Drone x8  
  73  7:07  Hatchery  
  80  7:11  Drone  
  80  7:15  Drone, Hatchery  
  81  7:22  Drone x2  
  83  7:24  Zerg Melee Weapons Level 1, Zerg Ground Armor Level 1  
  83  7:36  Zergling x2  
  85  7:37  Zergling x10  
  87  7:48  Mutalisk x5  
  97  7:53  Drone x5  
  97  7:55  Drone x3  
  97  7:57  Extractor  
  97  7:58  Extractor  
  103  8:06  Overlord  
  103  8:07  Overlord x2  
  103  8:10  Zerg Flyer Weapons Level 1  
  103  8:26  Drone  
  104  8:29  Drone x3  
  104  8:32  Zergling x24  
  104  8:33  Zergling x2  
  114  8:58  Zergling x26  
  114  8:59  Zergling x10  
  120  9:08  Zergling x8  
  120  9:09  Zergling x2  
  125  9:13  Drone  
  125  9:14  Overlord  
  125  9:15  Overlord  
  126  9:23  Infestation Pit  
  125  9:25  Drone  
  126  9:32  Queen  
  126  9:34  Zergling x12  
  126  9:35  Zergling x4  
  126  9:36  Baneling x3  
  126  9:37  Baneling x8  
  136  9:41  Overseer  
  136  9:46  Hatchery  
  135  9:56  Zergling x2  
  135  9:57  Zergling x12  
  135  9:58  Overlord x3  
  142  10:02  Hive  
  142  10:18  Zergling x28  
  156  10:26  Baneling x7  
  156  10:27  Baneling  
  147  10:55  Zergling x44  
  166  10:59  Overseer  
Tags
 
Add a new tag
Caveats
  • Supply blocks, unpowered buildings, or Contaminate may cause inaccurate times.
  • Supply counts are checked every 10 seconds.